[Event "ICC tourney 2039 (30 10)"]
[Site "Internet Chess Club"]
[Date "2020.10.04"]
[Round "3"]
[White "yanje03"]
[Black "andrewj508"]
[Result "1-0"]
[ICCResult "Black checkmated"]
[WhiteElo "1497"]
[BlackElo "1194"]
[Opening "Ruy Lopez: Berlin defense, 4.O-O, d6"]
[ECO "C66"]
[NIC "RL.07"]
[Time "15:01:23"]
[TimeControl "1800+10"]

1. e4 e5 2. Nf3 Nc6 3. Bb5 Nf6 4. O-O d6 5. d4 exd4 6. Nxd4 Bd7 7. Nc3 Ne5
8. Bxd7+ Qxd7 9. Bg5 Be7 10. f4 Nc4 11. Qc1 O-O 12. b3 Nb6 13. Kh1 c5 14.
Nf5 Bd8 15. Qe3 Re8 16. Qd3 d5 17. e5 Ne4 18. Nxe4 Qxf5 19. Nf6+ Bxf6 20.
Qxf5 Bxg5 21. fxg5 Re7 22. Rae1 Rae8 23. e6 fxe6 24. Rxe6 Rxe6 25. Qf7+ Kh8
26. Qf8+ Rxf8 27. Rxf8# {Black checkmated} 1-0

[Event "ICC tourney 2039 (30 10)"]
[Site "Internet Chess Club"]
[Date "2020.10.04"]
[Round "3"]
[White "Threehundreds"]
[Black "Nacaroa-Dan"]
[Result "0-1"]
[ICCResult "White resigns"]
[WhiteElo "1439"]
[BlackElo "1636"]
[Opening "Scandinavian defense"]
[ECO "B01"]
[NIC "SD.03"]
[Time "15:01:16"]
[TimeControl "1800+10"]

1. e4 d5 2. exd5 Nf6 3. Nc3 Nxd5 4. Nxd5 Qxd5 5. Nf3 Nc6 6. Be2 e5 7. O-O
Bc5 8. Re1 O-O 9. b3 Bf5 10. Bc4 Qd6 11. Bb2 Rfe8 12. Ng5 Bg6 13. Ne4 Bxe4
14. Rxe4 Rad8 15. Re2 Nd4 16. Bxd4 Bxd4 17. c3 Bxc3 18. Rc1 Bxd2 19. Rc2 Bb4
20. Qxd6 Rxd6 21. g3 Ba5 22. a3 Bb6 23. Rcd2 Rxd2 24. Rxd2 Bd4 25. Kg2 Kf8
26. f4 f6 27. Bd5 c6 28. Be4 h6 29. Bg6 Rd8 30. fxe5 fxe5 31. Rd1 Ke7 32.
Rf1 Rf8 33. Rxf8 Kxf8 34. Kf3 Ke7 35. Ke4 Kd6 36. Kd3 b5 37. Be4 a5 38. a4
Kc5 39. axb5 cxb5 40. Kc2 a4 41. bxa4 bxa4 42. Kb1 a3 43. Ka2 Bb2 44. h4 Kd4
45. Bb1 e4 46. Kb3 Ke3 47. Kc2 Kf3 48. Kd2 Kxg3 49. Ke3 Kxh4 50. Kxe4 g5 51.
Kf3 g4+ 52. Kg2 Kg5 53. Kg3 h5 54. Kg2 h4 55. Kh2 h3 56. Kg3 Be5+ 57. Kf2
g3+ 58. Kg1 Kf4 59. Ba2 Bd4+ 60. Kf1 g2+ {White resigns} 0-1

[Event "ICC tourney 2039 (30 10)"]
[Site "Internet Chess Club"]
[Date "2020.10.04"]
[Round "3"]
[White "ChessStar22"]
[Black "raremystery"]
[Result "1-0"]
[ICCResult "Black checkmated"]
[WhiteElo "1442"]
[BlackElo "1652"]
[Opening "QGD: 3...Nf6"]
[ECO "D35"]
[NIC "QO.16"]
[Time "15:01:20"]
[TimeControl "1800+10"]

1. d4 d5 2. c4 e6 3. Nc3 Nf6 4. e3 Be7 5. Nf3 O-O 6. cxd5 exd5 7. Bd3 h6 8.
O-O b6 9. h3 Bb7 10. b3 c5 11. dxc5 bxc5 12. Bb2 Re8 13. Bb5 Bc6 14. Bxc6
Nxc6 15. Ba3 Bd6 16. Nb5 Be7 17. Nc3 a6 18. Na4 Ne4 19. Rc1 Nb4 20. Nd2 Nxa2
21. Rc2 Nb4 22. Bxb4 cxb4 23. Nxe4 dxe4 24. Qxd8 Raxd8 25. Rc6 Rd3 26. Rb1
a5 27. Ra6 Rd5 28. Rc6 Red8 29. Rcc1 Bf6 30. Kf1 Kh7 31. Ke1 Kg6 32. Rd1 Kf5
33. Rxd5+ Rxd5 34. Rd1 Rxd1+ 35. Kxd1 Ke5 36. Nc5 Bd8 37. Ke2 Kd5 38. Na4 f5
39. f4 exf3+ 40. Kxf3 g5 41. g4 Ke5 42. Nc5 Kf6 43. e4 fxe4+ 44. Kxe4 Bc7
45. Kd5 Bd8 46. Nb7 Be7 47. Nxa5 Bf8 48. Nc6 Kg6 49. Kc4 Kf6 50. Nxb4 Ke5
51. Nd3+ Ke4 52. Nc5+ Kf3 53. Ne6 Be7 54. b4 Kg3 55. b5 Kxh3 56. Kd5 Bb4 57.
b6 Be1 58. b7 Bg3 59. Kc6 Kxg4 60. Nc7 Bxc7 61. Kxc7 h5 62. b8=Q h4 63. Qb4+
Kg3 64. Qc3+ Kg4 65. Qd4+ Kg3 66. Qe5+ Kg4 67. Qe4+ Kg3 68. Kd6 h3 69. Qh1
g4 70. Ke5 Kf2 71. Kf4 g3 72. Qxh3 g2 73. Qg3+ Kf1 74. Qd3+ Kf2 75. Qd2+ Kf1
76. Qd3+ Kf2 77. Qf3+ Kg1 78. Kg3 Kh1 79. Qxg2# {Black checkmated} 1-0

[Event "ICC tourney 2039 (30 10)"]
[Site "Internet Chess Club"]
[Date "2020.10.04"]
[Round "3"]
[White "blackjack721"]
[Black "rajisankar01"]
[Result "1-0"]
[ICCResult "Black resigns"]
[WhiteElo "1498"]
[BlackElo "809"]
[Opening "Vienna game"]
[ECO "C28"]
[NIC "VG.04"]
[Time "15:01:24"]
[TimeControl "1800+10"]

1. e4 e5 2. Nc3 Nc6 3. Bc4 Nf6 4. d3 Be7 5. f4 exf4 6. Bxf4 O-O 7. d4 d6 8.
Nf3 h6 9. Qd2 Re8 10. O-O-O Bg4 11. h3 Bh5 12. Bxh6 gxh6 13. Qxh6 Bxf3 14.
gxf3 Nh7 15. Rhg1+ Bg5+ 16. f4 Qf6 17. fxg5 Qxh6 18. gxh6+ Kf8 19. Rg7 Ke7
20. Bxf7 Rh8 21. Nd5+ Kd7 22. Bg6+ Kd8 23. Bxh7 Rc8 24. Nf6 Ne7 25. Rdg1 c6
26. Rf7 Kc7 27. Rxe7+ Kb6 28. Rgg7 Rb8 29. Nd7+ {Black resigns} 1-0

[Event "ICC tourney 2039 (30 10)"]
[Site "Internet Chess Club"]
[Date "2020.10.04"]
[Round "3"]
[White "solveur"]
[Black "lmperfectFocus"]
[Result "1/2-1/2"]
[ICCResult "Game drawn by repetition"]
[WhiteElo "1244"]
[BlackElo "1540"]
[Opening "QGD: Tarrasch defense"]
[ECO "D32"]
[NIC "TD.10"]
[Time "15:02:12"]
[TimeControl "1800+10"]

1. d4 d5 2. c4 e6 3. Nc3 c5 4. e3 Nf6 5. Nf3 Nc6 6. Bd3 dxc4 7. Bxc4 cxd4 8.
exd4 a6 9. h3 h6 10. Be3 Bd6 11. O-O O-O 12. Rc1 Re8 13. d5 exd5 14. Nxd5
Nxd5 15. Qxd5 Be6 16. Qd2 Bxc4 17. Rxc4 Qf6 18. Bd4 Qe6 19. b3 Rad8 20. Qb2
Nxd4 21. Nxd4 Qf6 22. Rd1 Be5 23. a4 Bxd4 24. Rcxd4 Rxd4 25. Qxd4 Re1+ 26.
Kh2 Rxd1 27. Qxd1 Qxf2 28. Qd8+ Kh7 29. Qd3+ f5 30. Qc3 Qe2 31. Qb4 Qe5+ 32.
Kg1 Qd5 33. Kh2 b5 34. Kg1 Qd1+ 35. Kh2 Qf1 36. Kg3 Kg8 37. Qc3 f4+ 38. Kh2
bxa4 39. bxa4 f3 40. Qc8+ Kf7 41. Qd7+ Kf6 42. Qd6+ Kf5 43. Qd5+ Kg6 44.
Qe6+ Kh7 45. Qf5+ Kg8 46. Qc8+ Kf7 47. Qd7+ Kf6 48. Qd6+ Kf5 49. Qd5+ Kf4
50. Qd4+ Kg5 51. Qe5+ Kg6 52. Qe6+ Kh7 53. Qf5+ Kg8 54. Qc8+ Kf7 55. Qd7+
Kf6 56. Qd6+ {Game drawn by repetition} 1/2-1/2

[Event "ICC tourney 2039 (30 10)"]
[Site "Internet Chess Club"]
[Date "2020.10.04"]
[Round "3"]
[White "michaelxiao"]
[Black "nnrs"]
[Result "1-0"]
[ICCResult "Black checkmated"]
[WhiteElo "1339"]
[BlackElo "1500"]
[Opening "English opening"]
[ECO "A20"]
[NIC "EO.24"]
[Time "15:01:20"]
[TimeControl "1800+10"]

1. c4 e5 2. g3 Nc6 3. Bg2 Nf6 4. d3 h6 5. Nf3 Bc5 6. Nc3 O-O 7. O-O d6 8. a3
a5 9. e3 Bf5 10. d4 exd4 11. exd4 Bb6 12. Bf4 g5 13. Be3 Ne7 14. h4 g4 15.
Nd2 h5 16. Nde4 Nxe4 17. Nxe4 Ng6 18. Bh6 Re8 19. Bg5 Re7 20. Nf6+ Kh8 21.
Nxh5 Qf8 22. Bf6+ Kg8 23. Qd2 Be4 24. Bg7 Qc8 25. Qh6 f6 26. Nxf6+ Kf7 27.
Bxe4 Rxe4 28. Nxe4 Qf5 29. Ng5+ Ke7 30. Rae1+ Kd7 31. h5 Nh4 32. gxh4 a4 33.
Qe6+ Qxe6 34. Nxe6 Rg8 35. h6 d5 36. h7 Rxg7 37. Nxg7 Bxd4 38. h8=Q Bxg7 39.
Qxg7+ Kd6 40. Qe7+ Kc6 41. Re2 g3 42. cxd5+ Kb6 43. Re6+ Ka7 44. Qc5+ b6 45.
Qxc7+ Ka8 46. Re8# {Black checkmated} 1-0

[Event "ICC tourney 2039 (30 10)"]
[Site "Internet Chess Club"]
[Date "2020.10.04"]
[Round "3"]
[White "marinaxiao"]
[Black "oxdidi"]
[Result "1-0"]
[ICCResult "Black resigns"]
[WhiteElo "1437"]
[BlackElo "1082"]
[Opening "Giuoco Piano"]
[ECO "C54"]
[NIC "IG.02"]
[Time "15:01:28"]
[TimeControl "1800+10"]

1. e4 e5 2. Nf3 Nc6 3. Bc4 Bc5 4. c3 Nf6 5. d3 O-O 6. a4 d6 7. b4 Nxb4 8.
cxb4 Bxb4+ 9. Bd2 Bc5 10. O-O Bg4 11. Nc3 Qd7 12. Bg5 Qe7 13. Nd5 Qd8 14.
Nxf6+ gxf6 15. Bh6 Re8 16. Qb3 Qe7 17. Nh4 Bd4 18. Rab1 b6 19. Nf5 Bxf5 20.
exf5 c6 21. Qd1 Kh8 22. Re1 d5 23. Bb3 Rg8 24. Qh5 Qc5 25. Qxf7 Bxf2+ 26.
Kf1 Bh4 27. Re2 Rae8 28. Bg7+ Rxg7 29. Qxe8+ Rg8 30. Qh5 Qd4 31. Qf3 Rg4 32.
g3 Rg8 33. Qf2 Qxd3 34. Bc2 Qc4 35. gxh4 Qg4 36. Rb3 Qxa4 37. Rxb6 Qa1+ 38.
Rb1 Qa3 39. Qe3 Qa4 {Black resigns} 1-0

[Event "ICC tourney 2039 (30 10)"]
[Site "Internet Chess Club"]
[Date "2020.10.04"]
[Round "3"]
[White "Priccchess"]
[Black "wildrumpus"]
[Result "1/2-1/2"]
[ICCResult "Game drawn by repetition"]
[WhiteElo "1760"]
[BlackElo "1492"]
[Opening "Caro-Kann defense"]
[ECO "B10"]
[NIC "CK.01"]
[Time "15:01:36"]
[TimeControl "1800+10"]

1. e4 c6 2. Nf3 d5 3. exd5 cxd5 4. d4 Bg4 5. Bd3 Nc6 6. O-O Qb6 7. c3 Nf6 8.
h3 Bxf3 9. Qxf3 e6 10. Re1 Be7 11. b3 O-O 12. Nd2 Rfe8 13. Nf1 Rac8 14. Bb2
Bf8 15. Rac1 a6 16. Ng3 Qd8 17. c4 dxc4 18. Rxc4 Nb4 19. Bb1 Rxc4 20. bxc4
Nc6 21. Rd1 Qb6 22. Qb3 Qc7 23. Qd3 Nb4 24. Qb3 Nc6 25. Qd3 Nb4 26. Qb3 Nc6
{Game drawn by repetition}
1/2-1/2

[Event "ICC tourney 2039 (30 10)"]
[Site "Internet Chess Club"]
[Date "2020.10.04"]
[Round "3"]
[White "Tiger2010"]
[Black "jacobsperber"]
[Result "0-1"]
[ICCResult "White checkmated"]
[WhiteElo "744"]
[BlackElo "1200"]
[Opening "Sicilian: Najdorf, Opocensky variation"]
[ECO "B92"]
[NIC "SI.10"]
[Time "15:01:24"]
[TimeControl "1800+10"]

1. e4 c5 2. Nf3 d6 3. d4 cxd4 4. Nxd4 Nf6 5. Nc3 a6 6. Be2 e5 7. Nb3 Be6 8.
Bg5 Be7 9. Be3 O-O 10. O-O b5 11. a3 Nbd7 12. Nd5 Nxe4 13. c4 bxc4 14. Bxc4
a5 15. f3 Nef6 16. Bg5 Bxd5 17. Bxd5 Nxd5 18. Bxe7 Nxe7 19. f4 Qb6+ 20. Kh1
exf4 21. Rxf4 Rab8 22. Rf3 Rfc8 23. Rc1 Ne5 24. Rfc3 Rxc3 25. Rxc3 a4 26.
Nd4 Nd5 27. Rc1 Nf6 28. Nf5 Neg4 29. Qd2 Nf2+ 30. Kg1 Nh3+ 31. Kf1 Qg1+ 32.
Ke2 Qxg2+ 33. Kd1 Qf3+ 34. Kc2 Qxf5+ 35. Kc3 Ne4+ 36. Kd3 Nxd2+ 37. Kxd2
Rxb2+ 38. Ke3 h6 39. Rc6 Qf2+ 40. Kd3 Qe2+ 41. Kc3 Qd2+ 42. Kc4 Rc2+ 43. Kb5
Qd3+ 44. Kb4 Rxc6 45. Ka5 Qc3+ 46. Kb5 Qc4+ 47. Ka5 Ra6# {White checkmated}
0-1

[Event "ICC tourney 2039 (30 10)"]
[Site "Internet Chess Club"]
[Date "2020.10.04"]
[Round "3"]
[White "AJRChess2011"]
[Black "atharvamchess"]
[Result "1/2-1/2"]
[ICCResult "Black stalemated"]
[WhiteElo "1295"]
[BlackElo "1500"]
[Opening "Ruy Lopez: Berlin defense, 4.O-O, d6"]
[ECO "C66"]
[NIC "RL.07"]
[Time "15:01:21"]
[TimeControl "1800+10"]

1. e4 e5 2. Nf3 Nc6 3. Bb5 Nf6 4. O-O d6 5. Re1 Be7 6. d4 exd4 7. Nxd4 Bd7
8. Nxc6 Bxc6 9. Bxc6+ bxc6 10. Qf3 O-O 11. Nc3 Nd7 12. Qg4 Ne5 13. Qe2 h6
14. f4 Ng6 15. Qc4 Qd7 16. Be3 c5 17. Nd5 c6 18. Nxe7+ Qxe7 19. e5 d5 20.
Qxc5 Qxc5 21. Bxc5 Rfe8 22. g3 a6 23. Re3 Rab8 24. b3 Rb5 25. Rc3 Rd8 26.
Rd1 Nf8 27. Bxf8 Kxf8 28. Rxc6 a5 29. a4 Rb7 30. Ra6 Rc7 31. Rxa5 Rxc2 32.
Rdxd5 Rb8 33. Rab5 Rbc8 34. a5 Ra2 35. Rd1 Rcc2 36. Rb8+ Ke7 37. Rb7+ Ke6
38. Rd6+ Kf5 39. Rxf7+ Ke4 40. Rfd7 Rg2+ 41. Kf1 Raf2+ 42. Ke1 Re2+ 43. Kd1
Ra2 44. Rd4+ Kf5 45. Rd2 Rg1+ 46. Ke2 Rg2+ 47. Ke3 Rgxd2 48. Rxd2 Rxa5 49.
h3 h5 50. Rd6 Rb5 51. Rd3 Ra5 52. Kf3 Rb5 53. Rc3 g5 54. g4+ hxg4+ 55. hxg4+
Kg6 56. Rc6+ Kg7 57. Rc7+ Kg6 58. f5+ Kh6 59. e6 Rxb3+ 60. Ke2 Rb2+ 61. Kd3
Rb3+ 62. Kc2 Re3 63. e7 Re2+ 64. Kd3 Re1 65. Kd4 Rxe7 66. Rxe7
{Black stalemated}
1/2-1/2

[Event "ICC tourney 2039 (30 10)"]
[Site "Internet Chess Club"]
[Date "2020.10.04"]
[Round "3"]
[White "GlibNest"]
[Black "SunnyCountry"]
[Result "1-0"]
[ICCResult "Black checkmated"]
[WhiteElo "1526"]
[BlackElo "1189"]
[Opening "Sicilian: Smith-Morra gambit"]
[ECO "B21"]
[NIC "SI.48"]
[Time "15:01:23"]
[TimeControl "1800+10"]

1. e4 c5 2. d4 cxd4 3. c3 dxc3 4. Nxc3 Nc6 5. Nf3 d6 6. Bc4 e6 7. O-O Nf6 8.
Bf4 a6 9. a4 Be7 10. Qd2 Qc7 11. Rad1 e5 12. Bg5 Bg4 13. Bxf6 gxf6 14. Nd5
Qd8 15. Nxe7 Kxe7 16. Qe3 Rg8 17. Kh1 Rc8 18. Rc1 Qd7 19. Rfd1 h5 20. Rd2
Bxf3 21. Qxf3 Qg4 22. Qxg4 hxg4 23. Bd5 Na5 24. Rdd1 Rc5 25. b4 Rxc1 26.
Rxc1 Nc6 27. Bxc6 bxc6 28. Rxc6 Rb8 29. Rc4 a5 30. b5 Rb6 31. Rc7+ Ke6 32.
Ra7 d5 33. exd5+ Kxd5 34. Rxf7 Kc4 35. Rg7 Rd6 36. Rxg4+ Kc5 37. h4 Rd4 38.
f3 f5 39. Rxd4 exd4 40. Kg1 Kc4 41. b6 d3 42. b7 d2 43. b8=Q d1=Q+ 44. Kh2
Qxa4 45. Qf4+ Kb3 46. Qxa4+ Kxa4 47. h5 Kb3 48. h6 a4 49. h7 a3 50. h8=Q a2
51. Qa1 f4 52. Kh3 Ka3 53. Kg4 Kb3 54. Kxf4 Ka3 55. g3 Kb3 56. g4 Kc2 57.
Qxa2+ Kc3 58. Qd5 Kc2 59. Qd4 Kb3 60. Qc5 Kb2 61. Qc4 Kb1 62. Qc3 Ka2 63.
Qb4 Ka1 64. Ke3 Ka2 65. Kd2 Ka1 66. Kc1 Ka2 67. Qa4# {Black checkmated} 1-0

[Event "ICC tourney 2039 (30 10)"]
[Site "Internet Chess Club"]
[Date "2020.10.04"]
[Round "3"]
[White "Elatedbook"]
[Black "suhavit"]
[Result "1/2-1/2"]
[ICCResult "Game drawn by mutual agreement"]
[WhiteElo "1241"]
[BlackElo "1105"]
[Opening "Four knights: Spanish variation"]
[ECO "C48"]
[NIC "KP.03"]
[Time "15:01:20"]
[TimeControl "1800+10"]

1. e4 e5 2. Nf3 Nc6 3. Nc3 Nf6 4. Bb5 d6 5. d4 exd4 6. Nxd4 Bd7 7. Nf3 h6 8.
O-O Be7 9. Re1 O-O 10. Bf4 Bg4 11. h3 Bh5 12. Be2 Re8 13. Nd4 Bxe2 14. Rxe2
Nxd4 15. Qxd4 Qd7 16. Nd5 Nxd5 17. Qxd5 Rab8 18. Rae1 Red8 19. Rd1 a6 20. e5
Qe6 21. Qxe6 fxe6 22. exd6 Bxd6 23. Bxd6 cxd6 24. Rxe6 d5 25. Re7 b6 26. c3
Kf8 27. Re5 Re8 28. Rxe8+ Rxe8 29. Rxd5 Re2 30. Rd8+ Kf7 31. Ra8 Rxb2 32.
Rxa6 Rb1+ 33. Kh2 Rb2 34. a4 Rb3 35. Kg1 Ke7 36. c4 Rb4 37. Kf1 Rxc4 38.
Rxb6 Rxa4 39. Rg6 Kf7 40. Rg3 Ra1+ 41. Ke2 Ra2+ 42. Kf3 Ra3+ 43. Kg4 Ra4+
44. Kh5 Ra5+ 45. Kh4 g6 46. Rf3+ Kg7 47. g4 Rc5 48. Re3 Rc7 49. f4 Rf7 50.
Re4 Kg8 51. Kg3 Kg7 52. h4 Rb7 53. Re3 Rf7 54. g5 hxg5 55. hxg5 Kh7 56. Kg4
Kg7 57. Re5 Rb7 58. Re4 Rf7 59. Kf3 Rb7 60. Re5 Rf7 61. Ke4 Rf8 62. Rd5 Re8+
63. Re5 Rf8 64. Rc5 Re8+ 65. Kd5 Rf8 66. Rc4 Re8 67. Kd6 Kf8 68. Rc5 Re4 69.
f5 gxf5 70. Rxf5+ Kg7 71. Kd5 Rg4 72. Ke5 Kg6 73. Rf6+ Kxg5 74. Rf5+ Kh4 75.
Rf3 Kg5 {Game drawn by mutual agreement} 1/2-1/2

[Event "ICC tourney 2039 (30 10)"]
[Site "Internet Chess Club"]
[Date "2020.10.04"]
[Round "3"]
[White "travelworld"]
[Black "Yeetamus123"]
[Result "1/2-1/2"]
[ICCResult "Game drawn by repetition"]
[WhiteElo "1190"]
[BlackElo "1303"]
[Opening "Sicilian: dragon, classical, Richter variation"]
[ECO "B73"]
[NIC "SI.33"]
[Time "15:02:12"]
[TimeControl "1800+10"]

1. e4 c5 2. Nf3 Nc6 3. d4 cxd4 4. Nxd4 g6 5. Nc3 Bg7 6. Be3 Nf6 7. Be2 O-O
8. O-O d6 9. Qd2 Bd7 10. h3 a6 11. Rfe1 b5 12. a3 Rc8 13. Rad1 Re8 14. Bf3
Ne5 15. Be2 Be6 16. f4 Nc4 17. Bxc4 Bxc4 18. f5 b4 19. axb4 Rb8 20. Bh6 Rxb4
21. Bxg7 Kxg7 22. fxg6 hxg6 23. Qg5 Qb6 24. Kh1 e5 25. Nf5+ Kg8 26. Nh6+ Kg7
27. Nf5+ Kg8 28. Nh6+ Kg7 29. Nf5+ Kg8 30. Nh6+ Kg7 31. Nf5+ Kg8 32. Nh6+
Kg7 33. Nf5+ {Game drawn by repetition} 1/2-1/2

[Event "ICC tourney 2039 (30 10)"]
[Site "Internet Chess Club"]
[Date "2020.10.04"]
[Round "3"]
[White "alex3"]
[Black "Fredzhang"]
[Result "1-0"]
[ICCResult "Black checkmated"]
[WhiteElo "1543"]
[BlackElo "1028"]
[Opening "Queen's pawn, Mason variation"]
[ECO "D00"]
[NIC "QP.08"]
[Time "15:01:24"]
[TimeControl "1800+10"]

1. d4 d5 2. Bf4 Nc6 3. e3 Nf6 4. Nf3 Bg4 5. Nbd2 e6 6. h3 Bxf3 7. Nxf3 Bd6
8. Ne5 Bxe5 9. dxe5 Nd7 10. Bb5 O-O 11. Bxc6 bxc6 12. Bh2 Rb8 13. b3 Qg5 14.
O-O Rb7 15. f4 Qe7 16. Qf3 Qc5 17. Rac1 Qe7 18. c4 Nb6 19. Bg3 f6 20. Bh4
Qf7 21. exf6 gxf6 22. Qg4+ Kh8 23. Be1 f5 24. Qf3 Qd7 25. Qg3 Rg8 26. Bc3+
Rg7 27. Bxg7+ Qxg7 28. Qxg7+ Kxg7 29. g4 Nd7 30. gxf5 exf5 31. Rfd1 Nf6 32.
Kg2 Rb6 33. Kf3 Kf7 34. h4 Ke6 35. Rg1 Ng4 36. cxd5+ cxd5 37. Rxc7 Ra6 38.
Rgc1 Kd6 39. b4 Rb6 40. b5 h5 41. R1c6+ Rxc6 42. Rxc6+ Kd7 43. Ra6 Kc7 44.
a4 Kb7 45. a5 Kb8 46. Rd6 Kb7 47. Rxd5 a6 48. Rxf5 axb5 49. Rxb5+ Ka6 50.
Rxh5 Nh2+ 51. Ke2 Ng4 52. Rg5 Nf6 53. Rg6 Kxa5 54. Rxf6 Kb5 55. Kd3 Kc5 56.
Ke4 Kc4 57. Rc6+ Kb5 58. Rc1 Kb4 59. Kd3 Kb5 60. Kd4 Kb6 61. Kd5 Kb7 62. Kd6
Kb8 63. Kd7 Kb7 64. Rb1+ Ka6 65. Kc7 Ka5 66. Kc6 Ka4 67. Kc5 Ka3 68. Kc4 Ka2
69. Rb7 Ka3 70. Rb8 Ka2 71. Kc3 Ka1 72. Kc2 Ka2 73. Ra8# {Black checkmated}
1-0

[Event "ICC tourney 2039 (30 10)"]
[Site "Internet Chess Club"]
[Date "2020.10.04"]
[Round "3"]
[White "alfvelas1"]
[Black "MathMonkey"]
[Result "1/2-1/2"]
[ICCResult "Game drawn because neither player has mating material"]
[WhiteElo "1377"]
[BlackElo "979"]
[Opening "Ruy Lopez: Anderssen variation"]
[ECO "C77"]
[NIC "RL.12"]
[Time "15:01:22"]
[TimeControl "1800+10"]

1. e4 e5 2. Nf3 Nc6 3. Bb5 a6 4. Ba4 Nf6 5. d3 b5 6. Bb3 Bc5 7. O-O O-O 8.
c3 d6 9. Bg5 h6 10. Bh4 Be6 11. Nbd2 Qe7 12. Re1 Bxb3 13. Nxb3 Bb6 14. d4
Rad8 15. d5 Na5 16. Nbd2 Nb7 17. b4 a5 18. a3 Kh7 19. h3 Rg8 20. Bg3 g5 21.
Nh2 Nd7 22. Qe2 axb4 23. axb4 Nf8 24. Qh5 Qf6 25. Ng4 Qg6 26. Qxg6+ Rxg6 27.
Ne3 Rg8 28. Kh2 Ng6 29. Ng4 Rg7 30. Nf6+ Kh8 31. f3 Nf4 32. Ra2 Rg6 33. Bxf4
gxf4 34. Ng4 h5 35. Rea1 hxg4 36. fxg4 Kg7 37. Nf3 Rxg4 38. Ra8 Rg6 39. Rxd8
Nxd8 40. Ra8 c6 41. Nh4 Rg5 42. dxc6 Nxc6 43. Ra6 Nxb4 44. cxb4 Bd4 45. Rxd6
Bc3 46. Rd5 Bxb4 47. Rxb5 Bc3 48. Nf3 Rg3 49. Nxe5 Rg5 50. h4 Rxe5 51. Rxe5
Bxe5 52. Kh3 Kh6 53. Kg4 Kg6 54. h5+ Kh6 55. Kh4 Bf6+ 56. Kg4 Bg5 57. e5 f5+
58. exf6 Bxf6 59. Kxf4 Kxh5 60. g4+ Kg6 61. Kf3 Kg5 62. Kg3 Be5+ 63. Kh3 Bf4
64. Kg2 Kxg4 {Game drawn because neither player has mating material} 1/2-1/2

[Event "ICC tourney 2039 (30 10)"]
[Site "Internet Chess Club"]
[Date "2020.10.04"]
[Round "3"]
[White "DavidNest"]
[Black "zaras"]
[Result "0-1"]
[ICCResult "White checkmated"]
[WhiteElo "1248"]
[BlackElo "1458"]
[Opening "English opening"]
[ECO "A05"]
[NIC "QP.11"]
[Time "15:01:25"]
[TimeControl "1800+10"]

1. Nf3 Nf6 2. c4 g6 3. e3 Bg7 4. d4 O-O 5. Nc3 c6 6. b3 d5 7. c5 Bg4 8. Bb2
Re8 9. Be2 Nbd7 10. O-O Bf5 11. Qd2 Ne4 12. Nxe4 Bxe4 13. Ng5 h6 14. Nxe4
dxe4 15. Qc2 Nf6 16. f3 exf3 17. Rxf3 Qc7 18. Rg3 Nd5 19. Bc4 Rac8 20. Rf3
b6 21. Qf2 Rf8 22. Rf1 Nf6 23. Rg3 Ne4 24. Bxf7+ Kh8 25. Qf3 Nxg3 26. hxg3
e6 27. Bc1 Rcd8 28. Qf4 Qxf4 29. Rxf4 Kh7 30. cxb6 axb6 31. Bxe6 Rxf4 32.
gxf4 Ra8 33. b4 Bf8 34. Bd2 Ra3 35. f5 Rd3 36. Be1 Rxe3 37. Kf2 Ra3 38. Kg1
Kg7 39. Kh2 gxf5 40. d5 cxd5 41. Bxd5 Ra4 42. Bc3+ Kg6 43. Bb3 Ra8 44. Bd5
Rc8 45. Be1 Rc1 46. Bd2 Rd1 47. Bxh6 Bxh6 48. Bb3 Rd4 49. b5 Rb4 50. Be6
Rxb5 51. Bd7 Rb2 52. Be8+ Kg7 53. Bd7 Kf6 54. a4 Be3 55. Kg3 f4+ 56. Kf3
Rf2+ 57. Ke4 Rxg2 58. Bc6 Rg8 59. Bd5 Rf8 60. Bc6 Kg5 61. Kf3 Kf6 62. Ke4
Ke6 63. Bd5+ Kd6 64. Bc4 Kc5 65. Bb5 Kb4 66. Kf3 Ra8 67. Ke4 Rxa4 68. Bxa4
Kxa4 69. Kf3 b5 70. Ke4 b4 71. Kd3 Kb3 72. Ke2 Kc2 73. Kf3 b3 74. Ke4 b2 75.
Kf5 b1=Q 76. Kg6 Qb5 77. Kf6 Kd3 78. Ke6 Ke4 79. Kd6 Qd5+ 80. Kc7 Qe6 81.
Kb7 Kd5 82. Kc7 Qd6+ 83. Kb7 Qc6+ 84. Kb8 Qd7 85. Ka8 Kc6 86. Kb8 Qb7#
{White checkmated}
0-1

[Event "ICC tourney 2039 (30 10)"]
[Site "Internet Chess Club"]
[Date "2020.10.04"]
[Round "3"]
[White "APBrain"]
[Black "ABecker755"]
[Result "1-0"]
[ICCResult "Black checkmated"]
[WhiteElo "1611"]
[BlackElo "1280"]
[Opening "Queen's pawn"]
[ECO "A40"]
[NIC "QO.17"]
[Time "15:01:20"]
[TimeControl "1800+10"]

1. d4 e6 2. Bf4 d5 3. e3 c5 4. c3 Nc6 5. Bd3 Bd7 6. Nd2 Qb6 7. Qc2 Nf6 8.
Ngf3 c4 9. Be2 Ne7 10. Ne5 Rc8 11. O-O Ng6 12. Bg3 Bd6 13. f4 Bc6 14. Ndxc4
dxc4 15. Nxc4 Qc7 16. Nxd6+ Qxd6 17. f5 Qd5 18. Bf3 Ne4 19. fxg6 fxg6 20. c4
Qf5 21. Bxe4 Qxe4 22. Qf2 Ke7 23. Qf7+ Kd8 24. d5 exd5 25. Rad1 Qxe3+ 26.
Kh1 Qe7 27. cxd5 Qxf7 28. dxc6+ Ke8 29. Rxf7 Kxf7 30. cxb7 Rb8 31. Rd7+ Kf6
32. Bxb8 Rxb8 33. b4 Re8 34. h3 Rb8 35. a4 h5 36. a5 Ke6 37. Rxg7 Kf6 38.
Rc7 a6 39. b5 axb5 40. a6 Ke6 41. a7 Rxb7 42. Rxb7 Kd6 43. a8=Q g5 44. Qa5
g4 45. Qxb5 gxh3 46. Rh7 hxg2+ 47. Kxg2 h4 48. Rh6+ Kc7 49. Qb6+ Kc8 50.
Rc6+ Kd7 51. Qb7+ Ke8 52. Rc8# {Black checkmated} 1-0

[Event "ICC tourney 2039 (30 10)"]
[Site "Internet Chess Club"]
[Date "2020.10.04"]
[Round "3"]
[White "subielife"]
[Black "turtle6"]
[Result "0-1"]
[ICCResult "White checkmated"]
[WhiteElo "1468"]
[BlackElo "1736"]
[Opening "QGD semi-Slav: accelerated Meran (Alekhine variation)"]
[ECO "D11"]
[NIC "SL.01"]
[Time "15:01:18"]
[TimeControl "1800+10"]

1. d4 d5 2. c4 c6 3. Nf3 Nf6 4. e3 a6 5. Nc3 e6 6. Qc2 Be7 7. b3 Bb4 8. Bb2
Ne4 9. a3 Bxc3+ 10. Bxc3 Nxc3 11. Qxc3 O-O 12. Be2 Nd7 13. cxd5 exd5 14. O-O
Nf6 15. Nd2 Bf5 16. f3 Re8 17. g4 Bg6 18. Rae1 Qe7 19. Bd1 Qxa3 20. h4 h6
21. g5 hxg5 22. hxg5 Nd7 23. f4 Qe7 24. Bc2 Bxc2 25. Qxc2 g6 26. e4 Qb4 27.
Qd3 Qb5 28. Qh3 Qb4 29. Nf3 dxe4 30. Qxd7 Rad8 31. Qc7 exf3 32. Re4 Rxe4 33.
Qxd8+ Qf8 34. Qb6 Qe7 35. Rxf3 Re1+ 36. Kg2 Qe2+ 37. Rf2 Qg4+ 38. Kh2 Qg1+
39. Kh3 Re3+ 40. Rf3 Rxf3+ 41. Kh4 Qg3# {White checkmated} 0-1

[Event "ICC tourney 2039 (30 10)"]
[Site "Internet Chess Club"]
[Date "2020.10.04"]
[Round "3"]
[White "saanvit"]
[Black "Honeybrook"]
[Result "1-0"]
[ICCResult "Black resigns"]
[WhiteElo "1651"]
[BlackElo "1346"]
[Opening "Pirc defense"]
[ECO "B07"]
[NIC "PU.08"]
[Time "15:01:47"]
[TimeControl "1800+10"]

1. e4 d6 2. d4 Nf6 3. Bd3 g6 4. c3 Bg7 5. Nf3 O-O 6. O-O Nbd7 7. Bf4 Nh5 8.
Be3 e5 9. dxe5 Nxe5 10. Nxe5 dxe5 11. Be2 Qxd1 12. Rxd1 Nf6 13. f3 b6 14.
Na3 Bb7 15. Nc4 Rfe8 16. Rd2 Ba6 17. Rad1 Bf8 18. b4 Be7 19. Nxe5 Bxe2 20.
Rxe2 Bxb4 21. cxb4 Rxe5 22. Bd4 Re6 23. Bxf6 Rxf6 24. Rd7 Rc6 25. Red2 h5
26. Re7 a5 27. b5 Rc1+ 28. Kf2 c6 29. bxc6 Rxc6 30. Rdd7 Rf8 31. Rb7 Rc2+
32. Kg3 Rxa2 33. Rxb6 a4 34. Ra6 a3 35. Rea7 Kg7 36. Rxa3 Rxa3 37. Rxa3 Kh6
38. Ra6 Kg5 39. h4+ Kh6 40. Rf6 Kg7 41. e5 Re8 42. Kf4 Re7 43. Rc6 Kh6 44.
Ke4 Kg7 45. f4 Ra7 46. Rd6 Ra4+ 47. Rd4 Rxd4+ 48. Kxd4 f6 49. e6 Kf8 50. Kd5
Ke7 51. g3 f5 52. Ke5 Ke8 53. Kf6 Kf8 54. e7+ Ke8 55. Ke6 g5 56. hxg5
{Black resigns}
1-0